Cogmind - Beta 17 @@@ ROGUE MODE // 2026.07.29 @ 05:51:09 Player: ChCbias Result: Destroyed by Y-45 Defender with Heavy Assault Rifle Performance ------------- Evolutions (1) 500 Regions Visited (3) 600 Robots Destroyed (62) 310 Value Destroyed (1719) 1719 Prototype IDs (8) 160 Alien Tech Used (0) 0 Bonus (8) 8 TOTAL SCORE: 3297 Bonus ------- High Alert Combat Kills 8 Cogmind --------- Core Integrity 0/400 Matter 114/300 Energy 278/280 System Corruption 11% Temperature Cool (9) Movement Treading (320) Ox2 Location -9/Storage Parts ------- > --- POWER (1) -------- Cooled Ion Engine > --- PROPULSION (2) --- Light Treads > --- UTILITY (4) ------ High-capacity Storage Unit Transport Network Coupler Hardened Light Armor Plating > --- WEAPON (2) ------- Heavy Assault Rifle Heavy Assault Rifle > --- INVENTORY (20) --- Light Nuclear Core Light Treads Flight Unit Flight Unit Flight Unit Flight Unit VTOL Module Improved Flight Unit Improved Flight Unit Small Storage Unit Large Battery (200) Sensor Array Improved Signal Interpreter Propulsion Shielding Hacking Suite Cooled Plasma Cannon Mini Grenade Launcher Datajack Katana Peak State ------------ > --- POWER ------------ Light Nuclear Core > --- PROPULSION ------- Light Treads Light Treads > --- UTILITY ---------- High-capacity Storage Unit Transport Network Coupler > --- WEAPON ----------- Cooled Plasma Cannon Improved Assault Rifle > --- INVENTORY -------- Light Treads Light Treads Flight Unit Flight Unit Flight Unit Flight Unit VTOL Module Small Storage Unit Large Battery Sensor Array Improved Signal Interpreter Propulsion Shielding Hardened Light Armor Plating Hacking Suite Heavy Assault Rifle Heavy Assault Rifle Mini Grenade Launcher Datajack Katana [Rating: 19] Favorites ----------- Power Cooled Ion Engine Engine Cooled Ion Engine Power Core Light Nuclear Core Propulsion Light Treads Treads Light Treads Flight Unit Improved Flight Unit Utility Weight Redist. System Device Weight Redist. System Storage High-capacity Storage Unit Processor Transport Network Coupler Protection Medium Armor Plating Weapon Assault Rifle Energy Cannon Cooled Plasma Cannon Ballistic Gun Assault Rifle Special Weapon Mining Laser Slashing Weapon Katana Build | -11 -10 -9 -9 ------- Run | Yrd Mat Mat Sto Slots Evolved 2 | . . 2 . Power . | . . . . Propulsion . | . . . . Utility 2 | . . 2 . Weapon . | . . . . Parts Attached 44 | 6 4 26 8 Power 6 | 1 . 3 2 Engine 5 | 1 . 3 1 Core 1 | . . . 1 Reactor . | . . . . Propulsion 14 | 2 . 8 4 Treads 13 | 2 . 8 3 Leg . | . . . . Wheel . | . . . . Hover . | . . . . Flight 1 | . . . 1 Utility 8 | 1 2 4 1 Device 1 | . 1 . . Storage 3 | 1 1 1 . Processor 1 | . . 1 . Hackware . | . . . . Protection 3 | . . 2 1 Artifact . | . . . . Weapon 16 | 2 2 11 1 Energy Gun . | . . . . Energy Cannon 1 | . . . 1 Ballistic Gun 13 | 2 1 10 . Ballistic Cannon . | . . . . Launcher . | . . . . Special Weapon 1 | . 1 . . Impact Weapon . | . . . . Slashing Weapon 1 | . . 1 . Piercing Weapon . | . . . . Special Melee Weapon . | . . . . Unidentified Prototypes 4 | . . 2 2 Parts Lost 8 | . . 3 5 Power 2 | . . 1 1 Propulsion 2 | . . . 2 Utility 2 | . . 1 1 Weapon 2 | . . 1 1 Highest Loss Streak 3 | . . 1 3 To Critical Strikes 1 | . . 1 . Average Backups 17 | 3 13 18 19 Power . | . 1 1 . Propulsion 7 | 2 6 7 7 Utility 5 | . 4 5 6 Weapon 3 | . 1 3 3 Tool/Special . | . . . . Unused Backups 28 | . 7 6 15 Power 1 | . . 1 . Propulsion 14 | . 4 3 7 Utility 10 | . 3 1 6 Weapon 2 | . . 1 1 Tool/Special 1 | . . . 1 Average Slot Usage (%) 91 | . 93 93 82 Engine 11 | . 14 10 7 Treads 23 | . 28 21 21 Device 8 | . 7 11 3 Storage 11 | . 14 11 11 Processor 8 | . . 11 11 Protection 3 | . . 5 3 Ballistic Gun 23 | . 27 21 21 Peak Build Rating 19 | 6 9 17 19 Average Rating 12 | 4 8 14 15 On Entrance 7 | . 6 9 16 Avg Prop Armor Cover (%) . | . . . . Naked Turns . | . . . . Heaviest Build 61 | 13 28 61 59 Greatest Support 46 | 40 46 46 46 Greatest Overweight (x) 2 | . . 2 2 Average Overweight (x) . | . . . 1 Largest Inventory Capacity 20 | 8 15 20 20 Average Capacity 17 | 6 14 19 20 Most Carried 20 | 6 15 20 20 Average Carried 17 | 3 13 18 19 Final Capacity 20 | 8 15 20 20 Final Carried 20 | 6 15 20 19 Class Distribution -------------------- 66% | Scavenger-Mutant 33% | Mutant Dominant Class ---------------- Mutant | -10/Materials Scavenger-Mutant | -9/Materials Scavenger-Mutant | -9/Storage Resources | -11 -10 -9 -9 ----------- Run | Yrd Mat Mat Sto Matter Collected 1593 | 256 176 852 309 Remotely . | . . . . Salvage Created 2668 | . 283 1529 856 Parts 154 | . 22 94 38 Haulers Intercepted 9 | . 2 4 3 Recyclers Shooed 2 | . . . 2 Parts Field Recycled . | . . . . Retrieved Matter . | . . . . Parts Self-Destructed . | . . . . Prevented . | . . . . Parts Restored . | . . . . Kills | -11 -10 -9 -9 ------- Run | Yrd Mat Mat Sto Combat Hostiles Destroyed 49 | . 7 27 15 Guns 49 | . 7 27 15 Classes Destroyed 9 | . 4 4 1 Hauler 9 | . 2 4 3 Recycler 2 | . . 2 . Operator 1 | . . 1 . Watcher 1 | . 1 . . Swarmer 10 | . 6 4 . Grunt 26 | . 1 15 10 Brawler 1 | . . . 1 Duelist 1 | . . 1 . Sentry 11 | . . 7 4 Best Kill Streak 5 | . 3 4 5 Combat Bots Only 5 | . 3 4 5 Max Kills in Single Turn 1 | . 1 1 1 Gunslinging . | . . . . Exploded . | . . . . Melee . | . . . . Uniques/NPCs Destroyed . | . . . . Combat | -11 -10 -9 -9 -------- Run | Yrd Mat Mat Sto Hostile Shots Fired 310 | . 48 167 95 Missed 77 | . 9 43 25 Hits 233 | . 39 124 70 Melee 7 | . . 3 4 Projectile 226 | . 39 121 66 Critical Strikes 11 | . 1 6 4 Damage Taken 2871 | . 326 1603 942 Core 476 | . 70 227 179 Absorbed by Shields . | . . . . Regen/Repaired (Parts) 65 | . . 65 . Core Remaining (%) 86 | 100 72 . . Volleys Fired 192 | . 40 89 63 Largest 2 | . 2 2 2 Hottest 100 | . 100 46 46 Shots Fired 378 | . 79 178 121 Gun 377 | . 78 178 121 Cannon . | . . . . Launcher . | . . . . Special 1 | . 1 . . Kinetic 377 | . 78 178 121 Thermal 1 | . 1 . . Explosive . | . . . . Electromagnetic . | . . . . Robot Hit Streak 35 | . 8 35 16 Robot Miss Streak 4 | . 4 3 2 Penetration Max . | . . . . Secondary Targets 7 | . 1 3 3 Max Gunslinging Chain 1 | . 1 1 1 Shots Hit Robots 275 | . 46 139 90 Core Hits 107 | . 17 59 31 Critical Kills . | . . . . Critical Parts Destroyed 1 | . 1 . . Critical Strikes 1 | . 1 . . Destroy 1 | . 1 . . Melee Attacks 3 | . . 1 2 Impact . | . . . . Slashing 3 | . . 1 2 Piercing . | . . . . Sneak Attacks 1 | . . . 1 Combat Hostiles . | . . . . Follow-up Attacks . | . . . . Damage Inflicted 4005 | 2 513 2020 1470 Guns 3943 | . 513 2016 1414 Cannons . | . . . . Explosions . | . . . . Melee 56 | . . . 56 Ramming 6 | 2 . 4 . Kinetic 3943 | . 513 2016 1414 Thermal . | . . . . Explosive . | . . . . Electromagnetic . | . . . . Impact . | . . . . Slashing 56 | . . . 56 Piercing . | . . . . Highest Corruption 11 | . . . 11 Average Corruption 10 | . . . 10 Corruption Purged . | . . . . Corruption Blocked . | . . . . Effects 21 | . . . 21 Message Errors 1 | . . . 1 Matter Fused 4 | . . . 4 Heat Flow Errors 3 | . . . 3 Energy Discharges 3 | . . . 3 Data Loss (minor) 3 | . . . 3 Data Loss (major) 2 | . . . 2 Alerts 3 | . . . 3 Weapon Failures 2 | . . . 2 Overload Shots . | . . . . Overflow Damage 26 | . . . 26 Projectiles . | . . . . Explosions . | . . . . Melee 26 | . . . 26 Knockbacks . | . . . . Impact . | . . . . Kinetic . | . . . . Secondary . | . . . . Self-Inflicted Damage . | . . . . Shots . | . . . . Rammed 3 | 2 . 1 . Targets Rammed 3 | 2 . 1 . Kicked . | . . . . Crushed . | . . . . Highest Temperature 251 | . 20 30 251 Average Temperature 47 | . 8 8 78 Received Heat Transfer 1206 | . 24 747 435 Siege Activations . | . . . . Martial Activations . | . . . . Shielding Activations . | . . . . Robots Disrupted . | . . . . Combat Hostiles . | . . . . Robots Corrupted . | . . . . Combat Hostiles . | . . . . Parts Fried . | . . . . Impact Corruptions . | . . . . Robots Melted . | . . . . Combat Hostiles . | . . . . Parts Melted . | . . . . Heat Transferred . | . . . . Parts Sabotaged . | . . . . Parts Stolen . | . . . . Parts Stripped . | . . . . Power Chain Reactions . | . . . . Alert | -11 -10 -9 -9 ------- Run | Yrd Mat Mat Sto Maximum Alert Level 2 | . . 2 1 Low Security (%) 73 | 100 100 70 39 Level 1 24 | . . 26 60 Level 2 1 | . . 3 . Level 3 . | . . . . Level 4 . | . . . . Level 5 . | . . . . High Security . | . . . . Max Security . | . . . . Peak Influence 411 | . 70 411 270 Initial 157 | . . . 157 Average 108 | . 14 126 203 Influence Increases 1482 | . 217 834 431 Destroy 0b10 Robot/C 980 | . 140 540 300 Destroy 0b10 Robot/NC 65 | . 15 35 15 Destroy Leader 260 | . 36 148 76 Successful Hack 53 | . 11 35 7 Disable Machine 45 | . 15 15 15 Destroy Structure 4 | . . 1 3 Partial Spotted 15 | . . . 15 Lose Combat Pursuer 60 | . . 60 . Influence Decreases 1230 | . 217 459 554 Entered New Map 218 | . . . 218 Time Decay 932 | . 217 429 286 Lost Part 80 | . . 30 50 Squads Dispatched 5 | . 2 2 1 Investigation 3 | . 2 . 1 Extermination . | . . . . Reinforcement 2 | . . 2 . Assault . | . . . . Garrison . | . . . . Intercept . | . . . . Searches Triggered . | . . . . Construction Impeded . | . . . . Haulers Reinforced . | . . . . Active Scanning Responses . | . . . . Cargo Convoy Interrupts . | . . . . Stealth | -11 -10 -9 -9 --------- Run | Yrd Mat Mat Sto Distress Signals 3 | . . 1 2 Communications Jammed . | . . . . Distress Signals . | . . . . Times Spotted 76 | . 13 44 19 Peak Tracking Total 5 | . 3 5 4 Tactical Retreats 2 | . . 2 . Traps | -11 -10 -9 -9 ------- Run | Yrd Mat Mat Sto Traps Triggered 6 | . 2 2 2 Indirectly . | . . . . Trap Hack Attempts . | . . . . Triggered . | . . . . Disarmed . | . . . . Reprogrammed . | . . . . Reused . | . . . . Traps Extracted . | . . . . Installed . | . . . . Triggered . | . . . . Machines | -11 -10 -9 -9 ---------- Run | Yrd Mat Mat Sto Machines Disabled 3 | . 1 1 1 Max in Single Turn 1 | . 1 1 1 Machines Repaired . | . . . . Machines Dismantled . | . . . . Machines Sabotaged . | . . . . Overloaded Fab Kills . | . . . . Hacking | -11 -10 -9 -9 --------- Run | Yrd Mat Mat Sto Machines Accessed 15 | . 4 7 4 Terminals 13 | . 4 5 4 Fabricators . | . . . . Repair Stations 1 | . . 1 . Recycling Units 1 | . . 1 . Scanalyzers . | . . . . Garrison Access . | . . . . Total Hacks 43 | . 16 21 6 Successful 16 | . 6 9 1 Failed 27 | . 10 12 5 Catastrophic 5 | . . 3 2 Database Lockouts . | . . . . Manual 26 | . 12 12 2 Terminals 38 | . 16 16 6 Fabricators . | . . . . Repair Stations 2 | . . 2 . Recycling Units 3 | . . 3 . Scanalyzers . | . . . . Garrison Access . | . . . . Terminal Hacks 13 | . 6 6 1 Part Schematic 2 | . 1 1 . Robot Analysis 3 | . 2 1 . Prototype ID Bank 2 | . 2 . . Open Door 1 | . . . 1 Branch Access Points 1 | . . 1 . Terminal Index 1 | . . 1 . Alert Level 1 | . . 1 . Recall Investigation 1 | . 1 . . Hauler Manifests 1 | . . 1 . Fabricator Hacks . | . . . . Repair Station Hacks 2 | . . 2 . Scan Component 1 | . . 1 . Repair 1 | . . 1 . Recycling Unit Hacks . | . . . . Scanalyzer . | . . . . Garrison Access Hacks . | . . . . Unauthorized Hacks 1 | . . 1 . Terminals . | . . . . Fabricators . | . . . . Repair Stations . | . . . . Recycling Units 1 | . . 1 . Reject 1 | . . 1 . Scanalyzers . | . . . . Garrison Access . | . . . . Data Cores Recovered . | . . . . Used . | . . . . Hacking Detections 13 | . 4 5 4 Full Trace Events 2 | . 1 . 1 Feedback Events . | . . . . Feedback Blocked . | . . . . Robot Schematics Acquired . | . . . . Robots Built . | . . . . Authchips . | . . . . Time . | . . . . Total Robot Build Rating . | . . . . Part Schematics Acquired 2 | . 1 1 . Parts Built . | . . . . Authchips . | . . . . Time . | . . . . Total Part Build Rating . | . . . . Part Studies Acquired . | . . . . Parts Repaired 1 | . . 1 . Time 13 | . . 13 . Parts Recycled . | . . . . Recycled Matter . | . . . . Retrieved Matter . | . . . . Retrieved Components . | . . . . Parts Scanalyzed . | . . . . Part Schematics Acquired . | . . . . Parts Damaged . | . . . . Bothacking | -11 -10 -9 -9 ------------ Run | Yrd Mat Mat Sto Used RIF Installer . | . . . . Robots Hacked . | . . . . Non-combat . | . . . . Combat . | . . . . Robot Hacks Applied . | . . . . Relay Couplers Released . | . . . . Fabnet Peak Effective % . | . . . . Robots Rewired . | . . . . Allies Hacked . | . . . . Hacks Repelled . | . . . . Allies | -11 -10 -9 -9 -------- Run | Yrd Mat Mat Sto Total Allies . | . . . . Largest Group . | . . . . Highest-Rated Group . | . . . . Highest-Rated Ally . | . . . . Total Orders . | . . . . Ally Attacks . | . . . . Total Damage . | . . . . Kills . | . . . . Allies Corrupted . | . . . . Allies Melted . | . . . . Intel | -11 -10 -9 -9 ------- Run | Yrd Mat Mat Sto Active Infowar (turns) 2770 | . . 2146 624 T.N.C. 2770 | . . 2146 624 Robot Analysis Total 3 | . 2 1 . Derelict Logs Recovered . | . . . . Drone Launches . | . . . . Drone Recoveries . | . . . . Exploration | -11 -10 -9 -9 ------------- Run | Yrd Mat Mat Sto Turns Passed 3804 | 104 930 2146 624 Spaces Moved 1406 | 58 457 730 161 Core 5 | 5 . . . Treads 1401 | 53 457 730 161 Legs . | . . . . Wheels . | . . . . Hover . | . . . . Flight . | . . . . Fastest Speed 50 | 50 160 160 240 Average Speed 202 | 150 160 225 240 Slowest Speed 320 | 160 160 320 320 Overloaded Moves . | . . . . Propulsion Burnouts . | . . . . Robots Hopped . | . . . . Potential Cave-ins . | . . . . Cave-ins Triggered . | . . . . Exploration Rate (%) 42 | 5 67 74 24 Regions Visited 3 Branch Regions 1 Pre-discovered Areas . | . . . . Known Exits Taken 1 | . . 1 . Unknown Exits Taken 2 | 1 1 . . Scrap Searched . | . . . . Spaces Dug 1 | . . 1 . Terrain Destroyed 1 | . . 1 . Melee 1 | . . 1 . Projectile . | . . . . AOE . | . . . . Terrain Rammed . | . . . . Walls Destroyed . | . . . . Machines Disabled . | . . . . Actions | -11 -10 -9 -9 --------- Run | Yrd Mat Mat Sto Total 1989 | 71 585 1061 272 Wait 257 | . 57 171 29 Move 1404 | 58 456 729 161 Hop . | . . . . Pick Up 36 | 6 17 12 1 Fast Attach 19 | 6 2 10 1 Attach 6 | . . 2 4 Detach 3 | . 1 1 1 Swap 32 | . 3 21 8 Drop 35 | . 9 24 2 Fire 192 | . 40 89 63 Melee 3 | . . 1 2 Ram . | . . . . Kick . | . . . . Crush 2 | 1 . 1 . Escape Stasis . | . . . . Rewire . | . . . . Trap . | . . . . Miscellaneous . | . . . . Route ------- -11/Scrapyard -10/Materials (discovered 3 exits: *Mat / [*Min x2]) -9/Materials (discovered 6 exits: [*Mat x2] / Min x2 / *Sto x2) -9/Storage History --------- Turn | Location | Event 12 | -11/Scrapyard | Discovered new exit (range 14) 105 | -11/Scrapyard | Entered Materials 297 | -10/Materials | Discovered new exit (range 12) 313 | -10/Materials | Build established: Mutant 770 | -10/Materials | Discovered new exit (range 8) 992 | -10/Materials | Discovered new exit (range 15) 1035 | -10/Materials | Entered another Materials area 1035 | -9/Materials | Evolved 2 slots: Utility x2 1086 | -9/Materials | Repaired Lgt. Treads 1290 | -9/Materials | Discovered new exit (range 16) 1542 | -9/Materials | Build established: Scavenger-Mutant 1647 | -9/Materials | Discovered new exit (range 10) 2215 | -9/Materials | Discovered new exit (range 4) 2375 | -9/Materials | Discovered new exit (range 3) 2662 | -9/Materials | Identified exit to Mines 2662 | -9/Materials | Identified exit to Storage 2854 | -9/Materials | Core integrity fell below 50% 3181 | -9/Materials | Entered Storage 3367 | -9/Storage | System corruption reached 10% 3397 | -9/Storage | Lost 3 parts (1p1n1u) 3559 | -9/Storage | Core integrity fell below 20% 3805 | -9/Storage | Destroyed by Y-45 Defender with Heavy Assault Rifle Last Messages --------------- data lost. 03702_ System corrupted: IFF burst signal emitted. 03712_ Y-45 Defender destroyed. 03713_ Acquired 57 matter. 03725_ System corrupted: IFF burst signal emitted. 03732_ R-06 Scavenger collects Imp. Ion Engine. 03740_ System corrupted: Matter fused (-9). 03757_ System corrupted: IFF burst signal emitted. 03772_ Storage Shell breached. 03777_ Sneak attack on R-06 Scavenger. 03777_ Destroyed Com. Wheel. 03778_ R-06 Scavenger sends out distress signal. 03780_ System corrupted: Component data lost. 03783_ Critical hit (Burn: +37). 03796_ Y-45 Defender destroyed. 03797_ System corrupted: Component data lost. 03799_ Lgt. Treads destroyed. Map ----- +----------------------------------------------------+ | ?????# #??# T#### !%[#??????????????? | | ?????# #??# ##??# !#??????????????? | | ?????# #??# #???# !=#??????????a???? | | ?????# #??###???# =% %#??????????????? | | ?????# #????????# =*=#??????????????? | | ?????# #????????###!###??????????????? | | ?????# #??????????#=#????????????????? | | ?????# #??????????# #????????????????? | | ?????# #??????????#[#????????????????? | | ?????# #??????????#^#????????????????? | | ?????# #??????##??#%#????????????????? | | ?????# #???? ???# #????????????????? | | ?????# #??""" ???# #????????????????? | | ?????# # """ ??#/#????????????????? | | ?????# +! """ ??% !????????????????? | | ?????# # "# =????????????????? | | ?????# #??""" ## ""????????????????? | | ?????# #????" #? ??????????????????? | | ?????# #?????????? ??????????????????? | | ?????# #?????????? ??????????????????? | | ?????# ###???????? ??????????????????? | | ?????# # ???????? ??????????????????? | | ?????# # ???????? ??????????????????? | | ?????# # """"""??????????????????????? | | ?????# # "*[=["??????????????????????? | | ?????# # "[*[@"??????????????????????? | | ?????# / """%"" #???????????????????? | | ?????# # Y= #???????????????????? | | ?????# # r #???????????????????? | | ?????##+############???????????????????? | | ???????????????????????????????????????? | | ??????????????????????????????a????????? | | ???????????????????????????????????????? | | ???????????????????????????????????????? | | ????????????????????????????????????a??? | | ???????????????????????????????????????? | | ???????????????????????????????????????? | | ???????????????????????????????????????? | | ???????????????????????????????????????? | | ???????????????????????????????????????? | | ???????????????????????????????????????? | | ???????????????????????????????????????? | | ???????????????????????????????????????? | | ???????????????????????????????????????? | | ???????????????????????????????????????? | | ???????????????????????????????????????? | | ???????????????????????????????????????? | | | | | | | +----------------------------------------------------+ Best States ------------- Heat Dissipation 28 Energy Generation 14 Energy Capacity 280 Matter Stores 300 Matter Capacity 300 Sight Range 16 Terrain Scan Density 10 Additional Mass Support 6 Armor Coverage 225 Evasion (%) 40 Recoil Reduction 2 Item Schematics ----------------- Flight Unit | -10/Materials | Hacked Med. Storage Unit | -9/Materials | Hacked Robot Schematics ------------------ None Fabricated ------------ Nothing Repaired ---------- Lgt. Treads | 53% | -9/Materials Studied --------- None Alien Tech Used ----------------- None Achievements -------------- None Challenges ------------ None Game ------ Seed ChainScrapoidChainsword Manual? 0 Play Time 00:22:45 Cumulative 93.7 hours Start 2026.07.29 @ 05:27:26 End 2026.07.29 @ 05:51:09 Sessions 1 Manual Loads 0 Difficulty Rogue Special Mode None Game No. 59 Rogue 59 Adventurer 0 Explorer 0 Win Type - Total 1 Types 1/0/0/0/0/0/0/0/0/0 Lore% 57 Gallery% 47 Achievement% 44 Wizard Run 0 Options --------- Layout 1 ASCII 0 Keyboard 1 Movement Arrows Keybinds 0 Fullscreen 1 Font 24/Smallcaps Map View 50x35 Zoom Use 0% Tactical HUD 1 Map Filters NONE Filters NONE Steam 1 RUN: d039e63d-e6ec-4b87-b324-68bf7fb9217e